 Dungeon Crawl Stone Soup version 0.30-a0-4-ga7cffc901d (webtiles) character file.

Game seed: 16875901235882811186

5904 SensoryNuts the Cleaver (level 10, -7/76 HPs)
             Began as a Demonspawn Fighter on Aug 21, 2022.
             Was an Initiate of Gozag.
             Mangled by a 15-headed hydra (12 damage)
             ... on level 1 of the Lair of Beasts.
             The game lasted 00:19:45 (14163 turns).

SensoryNuts the Cleaver (Demonspawn Fighter)       Turns: 14163, Time: 00:19:46

Health: -7/76      AC: 17    Str: 22    XL:     10   Next: 53%
Magic:  10/10      EV: 11    Int:  9    God:    Gozag
Gold:   1096       SH: 13    Dex: 12    Spells: 9/9 levels left

rFire   . . .      SeeInvis .    a - +4 war axe (spect)
rCold   . . .      Faith    .    s - +0 tower shield
rNeg    . . .      Spirit   .    g - +0 plate armour
rPois   .          Reflect  .    (helmet restricted)
rElec   .          Harm     .    (no cloak)
rCorr   +          Rampage  .    (no gloves)
Will    .....                    v - +0 pair of boots
Stlth   ..........               (no amulet)
HPRegen 0.22/turn                i - +4 ring of evasion
MPRegen 0.12/turn                n - +4 ring of evasion

@: no status effects
A: horns 2, yellow scales 3, foul stench 2, MP-powered wands
a: Renounce Religion, Potion Petition, Call Merchant, Bribe Branch


You were on level 1 of the Lair of Beasts.
You worshipped Gozag.
Gozag was most pleased with you.
You visited 3 branches of the dungeon, and saw 11 of its levels.
You also visited: Sewer and Bailey.

You collected 1179 gold pieces.
You paid 83 gold pieces to Gozag.

Inventory:

Hand Weapons
 a - a +4 spectral war axe (weapon)
Missiles
 y - 4 throwing nets (quivered)
Armour
 c - a +0 buckler
 g - a +0 plate armour (worn)
 s - a +0 tower shield (worn)
 v - a +0 pair of boots (worn)
Jewellery
 i - a +4 ring of evasion (left hand)
 j - an amulet of magic regeneration
 n - a +4 ring of evasion (right hand)
 u - a ring of protection from fire
Wands
 q - a wand of quicksilver (8)
Scrolls
 e - 7 scrolls of magic mapping
 h - a scroll of identify
 m - a scroll of noise
 o - 3 scrolls of vulnerability
 r - 2 scrolls of blinking
 t - 5 scrolls of teleportation
 x - 2 scrolls of immolation
 A - a scroll of amnesia
Potions
 f - 3 potions of ambrosia
 k - a potion of lignification
 l - a potion of mutation
 p - 2 potions of flight
Miscellaneous
 b - a tin of tremorstones (2/2)
 d - a piece from Xom's chessboard (15/15)


   Skills:
 + Level 6.2 Fighting
 * Level 11.7 Axes
 + Level 6.0 Armour
 + Level 1.8 Dodging
 + Level 2.8 Stealth
 + Level 4.4 Shields


You had 9 spell levels left.
You didn't know any spells.
Your spell library contained the following spells:

 Spells                   Type           Power      Damage    Failure   Level
 Apportation              Tloc           0%         N/A       100%        1
 Summon Small Mammal      Summ           0%         N/A       100%        1
 Call Canine Familiar     Summ           0%         N/A       100%        3
 Gell's Gravitas          Tloc           0%         N/A       100%        3
 Ignite Poison            Fire/Tmut/Pois 0%         N/A       100%        3
 Mephitic Cloud           Conj/Pois/Air  0%         N/A       100%        3
 Summon Guardian Golem    Hex/Summ       0%         N/A       100%        3
 Teleport Other           Tloc           0%         N/A       100%        3
 Leda's Liquefaction      Hex/Erth       0%         N/A       100%        4
 Alistair's Intoxication  Tmut/Pois      0%         N/A       100%        5
 Borgnjor's Vile Clutch   Necr/Erth      0%         N/A       100%        5
 Freezing Cloud           Conj/Ice/Air   0%         6-21      100%        5
 Lee's Rapid Deconstruct  Erth           0%         3d5*      100%        5
 Death Channel            Necr           0%         N/A       100%        6
 Dispersal                Tloc           0%         N/A       100%        6
 Statue Form              Tmut/Erth      0%         N/A       100%        6
 Animate Dead             Necr           Unusable   N/A       N/A         4

Dungeon Overview and Level Annotations

Branches:
Dungeon (9/15)             Temple (1/1) D:6            Lair (1/5) D:9
    Orc (0/2) D:9           Sewer (visited)          Bailey (visited)

Altars:
Ashenzari
Cheibriados
Dithmenos
Fedhas
Gozag
Kikubaaqudgha
Makhleb
Nemelex Xobeh
Okawaru
Qazlal
Ru
Sif Muna
Trog
Uskayaw
Vehumet
Wu Jian
Xom
Yredelemnul

Shops:
D:5 =   D:9 [


Innate Abilities, Weirdness & Mutations

You have a pair of horns on your head.
You are completely covered in yellow scales. (AC +4, rCorr)
You sometimes emit foul miasma when damaged in melee.
You expend magic power (3 MP) to strengthen your wands.


Message History

* * * LOW HITPOINT WARNING * * *
You hit the 12-headed hydra. You headbutt the 12-headed hydra!
The 12-headed hydra is severely wounded.
Your +4 spectral war axe hits the 12-headed hydra!
Your +4 spectral war axe hacks one of the 12-headed hydra's heads off!
The 11-headed hydra grows two more!
The 13-headed hydra is engulfed in dark miasma.
The 13-headed hydra bites you but does no damage.
The 13-headed hydra closely misses you.
The 13-headed hydra bites you but does no damage.
The 13-headed hydra bites you.
* * * LOW HITPOINT WARNING * * *
The 13-headed hydra closely misses you. You block the 13-headed hydra's attack.
The 13-headed hydra bites you but does no damage. x4
The 13-headed hydra barely misses you.
The 13-headed hydra bites you but does no damage.
The 13-headed hydra bites you.
* * * LOW HITPOINT WARNING * * *
You hack one of the 13-headed hydra's heads off!
The 12-headed hydra grows two more!
You hit the 14-headed hydra.
The 14-headed hydra is severely wounded.
Your +4 spectral war axe hits the 14-headed hydra!
Your +4 spectral war axe slices one of the 14-headed hydra's heads off!
The 13-headed hydra grows two more!
The 15-headed hydra is engulfed in dark miasma.
You block the 15-headed hydra's attack. The 15-headed hydra barely misses you.
The 15-headed hydra bites you but does no damage.
The 15-headed hydra bites you.
* * * LOW HITPOINT WARNING * * *
You block the 15-headed hydra's attack.
The 15-headed hydra bites you but does no damage.
The 15-headed hydra bites you.
* * * LOW HITPOINT WARNING * * *
The 15-headed hydra closely misses you. The 15-headed hydra misses you.
The 15-headed hydra bites you but does no damage.
The 15-headed hydra bites you.
* * * LOW HITPOINT WARNING * * *
You block the 15-headed hydra's attack. x2; The 15-headed hydra bites you!
You die...
Your body crumbles into a pile of gold.

#..##......##
...#.......P##
....#........##
###.............
................
.................
.......)D........
........@(.......
.................
...........#.....
$
.................
..P...............
..................
.................
...............##
##............##


You could see a 15-headed hydra (very poisoned, slow) and a friendly +4 spectral
war axe (summoned).

Vanquished Creatures
  A two-headed ogre (D:9)
  A cane toad (Lair:1)
  A rime drake (Lair:1)
  A basilisk (Lair:1)
  3 water moccasins
  An ice beast (D:6)
  A sky beast (D:7)
  5 orc warriors
  3 ogres
  A centaur (D:8)
  3 wolves (Bailey)
  A phantom (D:5)
  5 kobold brigands
  5 bullfrogs
  2 necrophages
  8 gnoll sergeants (Bailey)
  6 scorpions
  5 howler monkeys
  2 jellies (D:7)
  6 gnoll boudas
  4 hounds
  3 orc priests
  Natasha (thrice) (D:3)
  2 iguanas (D:6)
  10 orc wizards
  12 gnolls
  10 adders
  3 river rats (Sewer)
  A shadow imp (D:8)
  An ufetubus (D:3)
  A worm (D:5)
  4 dart slugs
  33 orcs
  3 ball pythons
  A bat (D:2)
  10 endoplasms
  3 giant cockroaches
  7 goblins
  6 hobgoblins
  4 jackals (Sewer)
  27 kobolds
  3 quokkas
  3 frilled lizards
  5 rats
220 creatures vanquished.

Vanquished Creatures (others)
  16 plants (Sewer)
16 creatures vanquished.

Grand Total: 236 creatures vanquished

Notes
Turn   | Place    | Note
-------+----------+-------------------------------------------
     0 | D:1      | SensoryNuts the Demonspawn Fighter began the quest for the
                  | Orb.
     0 | D:1      | Reached XP level 1. HP: 18/18 MP: 1/1
    81 | D:1      | Found a faded altar of an unknown god.
   387 | D:1      | Gained mutation: You are partially covered in yellow
                  | scales. (AC +2) [demonic ancestry]
   387 | D:1      | Reached XP level 2. HP: 22/24 MP: 2/2
   435 | D:1      | Reached skill level 2 in Axes
  1238 | D:2      | Reached XP level 3. HP: 29/29 MP: 3/3
  1785 | D:2      | Gained mutation: You expend magic power (3 MP) to
                  | strengthen your wands. [potion of mutation]
  4766 | D:3      | Noticed Natasha
  4775 | D:3      | Killed Natasha
  4776 | D:3      | Reached skill level 3 in Axes
  4789 | D:3      | Gained mutation: You are mostly covered in yellow scales.
                  | (AC +3) [demonic ancestry]
  4789 | D:3      | Reached XP level 4. HP: 27/35 MP: 4/4
  5021 | D:3      | Noticed Natasha
  5036 | D:3      | Killed Natasha
  5041 | D:3      | Noticed Natasha
  5057 | D:3      | Killed Natasha
  5160 | D:3      | Gained mutation: You may rarely emit foul miasma when
                  | damaged in melee. [demonic ancestry]
  5160 | D:3      | Reached XP level 5. HP: 39/41 MP: 5/5
  5583 | D:4      | Reached skill level 4 in Axes
  5788 | D:4      | Found a glowing drain.
  5819 | Sewer    | Entered a sewer
  5861 | Sewer    | Reached XP level 6. HP: 38/47 MP: 6/6
  6170 | Sewer    | Reached skill level 5 in Axes
  6848 | Sewer    | Gained mutation: You are completely covered in yellow
                  | scales. (AC +4, rCorr) [demonic ancestry]
  6848 | Sewer    | Reached XP level 7. HP: 53/53 MP: 7/7
  7112 | D:4      | Reached skill level 1 in Dodging
  7336 | D:5      | Entered Level 5 of the Dungeon
  7379 | D:5      | Reached skill level 1 in Stealth
  7434 | D:5      | Reached skill level 6 in Axes
  7657 | D:5      | Found Untoo's Jewellery Shop.
  7775 | D:5      | Gained mutation: You sometimes emit foul miasma when
                  | damaged in melee. [demonic ancestry]
  7775 | D:5      | Reached XP level 8. HP: 54/56 MP: 8/8
  7781 | D:5      | Reached skill level 7 in Axes
  8295 | D:6      | Reached skill level 8 in Axes
  8297 | D:6      | Found a stormy altar of Qazlal.
  8371 | D:6      | Found a staircase to the Ecumenical Temple.
  8439 | Temple   | Entered the Ecumenical Temple
  8585 | Temple   | Became a worshipper of Gozag Ym Sagoz the Greedy
  9308 | D:7      | Reached skill level 5 in Fighting
  9508 | D:7      | Gained mutation: You have a pair of small horns on your
                  | head. [demonic ancestry]
  9508 | D:7      | Reached XP level 9. HP: 36/68 MP: 9/9
  9858 | D:7      | Reached skill level 9 in Axes
 10579 | D:8      | Found a flagged portal.
 10630 | Bailey   | Entered a bailey
 10762 | Bailey   | Reached skill level 5 in Armour
 10896 | Bailey   | Reached skill level 10 in Axes
 11525 | D:8      | Found a basalt altar of Yredelemnul.
 12292 | D:9      | Found a staircase to the Lair.
 12364 | D:9      | Found a bloodstained altar of Trog.
 12579 | D:9      | Gained mutation: You have a pair of horns on your head.
                  | [demonic ancestry]
 12579 | D:9      | Reached XP level 10. HP: 69/76 MP: 10/10
 12633 | D:9      | Found a staircase to the Orcish Mines.
 12636 | D:9      | Found Sonife's Armour Emporium.
 12976 | D:9      | Noticed a two-headed ogre
 12985 | D:9      | Killed a two-headed ogre
 12986 | D:9      | Reached skill level 11 in Axes
 13309 | D:9      | Found a shadowy altar of Dithmenos.
 13674 | Lair:1   | Entered Level 1 of the Lair of Beasts
 13708 | Lair:1   | Noticed a cane toad
 13713 | Lair:1   | Killed a cane toad
 14120 | Lair:1   | Identified the +3 leather armour of Shadows and Fog {Harm
                  | Rampage rElec Dex-4}
 14153 | Lair:1   | Noticed a seven-headed hydra
 14163 | Lair:1   | Mangled by a 15-headed hydra

Illustrated notes

Levels and vault maps discovered:
D:1:      giann_forest_graveyard, layout_basic, chequers_ecumenical_altar_grove
D:2:      layout_rooms
D:3:      minmay_skewed_foursquare, layout_loops_ring, uniq_natasha
D:4:      layout_cave_pools, gup_sewer_entry_glass
D:5:      layout_loops_ring, nicolae_tso_swordbearing_angel, serial_shops, shop
D:6:      layout_basic, nicolae_qazlal_general_emergency, temple_fountains
D:7:      layout_loops_ring, kennysheep_generic_room_9
D:8:      layout_basic, mainiacjoe_overflow_paths, enter_bailey_1
D:9:      layout_roguey, kennysheep_mini_moat, lightli_temple_of_fire,
          dpeg_oklobed_lair, orc_david_3
Temple:   regret_index_temple_sphere_string
Lair:1:   layout_hall_layers

Skill      XL: |  1  2  3  4  5  6  7  8  9 10 |
---------------+-------------------------------+-----
Axes           | 2 3 4 5 6 8 10 11 | 11.7
Armour         | 3 4 5 6 |  6.0
Shields        | 3 4 |  4.4
Dodging        | 1 |  1.8
Stealth        | 1 2 |  2.8
Fighting       | 4 5 6 |  6.2

Action                   |  1- 3 |  4- 6 |  7- 9 | 10-12 || total
-------------------------+-------+-------+-------+-------++-------
Melee: War axe           |    90 |   198 |   261 |    54 ||   603
       Headbutt          |       |       |    28 |     9 ||    37
  Use: Potion            |     8 |     1 |     6 |     4 ||    19
       Scroll            |     5 |       |    12 |     4 ||    21
 Stab: Distracted        |       |       |     3 |       ||     3
Armor: Scale mail        |    43 |    86 |     4 |       ||   133
       Plate armour      |       |       |    98 |    36 ||   134
       Skin              |       |       |       |     7 ||     7
Dodge: Dodged            |    51 |   109 |   133 |    40 ||   333
Block: Buckler           |    21 |    48 |    50 |    11 ||   130
       Tower shield      |       |       |       |    27 ||    27

Table legend: (Time is in decaauts)
 A = Elapsed time spent in this place.
 B = Non-inter-level travel time spent in this place.
 C = Inter-level travel time spent in this place.
 D = Time resting spent in this place.
 E = Time spent auto-exploring this place.
 F = Levels seen in this place.
 G = Mean time per level.
                   A        B        C        D        E       F      G
               +--------+--------+--------+--------+--------+-----+--------+
         Total |  14467 |  13973 |    494 |   2977 |   9241 |  13 | 1112.8 |
       Dungeon |  11715 |  11241 |    474 |   2977 |   7026 |   9 | 1301.7 |
        Temple |    156 |    136 |     20 |      0 |    121 |   1 |  156.0 |
          Lair |    494 |    494 |      0 |      0 |    440 |   1 |  494.0 |
         Sewer |   1380 |   1380 |      0 |      0 |   1109 |   1 | 1380.0 |
        Bailey |    720 |    720 |      0 |      0 |    545 |   1 |  720.0 |
               +--------+--------+--------+--------+--------+-----+--------+

Top non-repeatable levels by time:
     D:2: 2773 daAuts
     D:3: 1622 daAuts
     D:9: 1420 daAuts
   Sewer: 1380 daAuts
     D:1: 1257 daAuts
     D:7: 1147 daAuts
     D:8: 1124 daAuts
     D:6: 1089 daAuts
  Bailey: 720 daAuts
     D:5: 708 daAuts
     D:4: 571 daAuts
  Lair:1: 494 daAuts
  Temple: 156 daAuts
